Diables vs Tamiflu
Created - 19 octobre 2015 at 19:08
Goals
|
| Diables |
1 |
3 |
1 |
5 |
| Tamiflu |
1 |
0 |
1 |
2 |
|
Shots
|
| Diables |
7 |
24 |
15 |
46 |
| Tamiflu |
13 |
9 |
4 |
26 |
|
1st period
1. Tamiflu , Greg Mauldin 4 (Petr Pohl, Jan Mursak) at 12:45 (PP)
2. Diables , Alex Killorn 1 (Patrick Maroon, Josh Meyers) at 19:36
Penalties :
Christian Thomas (Alm) for Roughing (Minor) at 9:30, Steve Quailer (Alm) for Tripping (Minor) at 11:44
2nd period
3. Diables , Brett Maclean 3 (Damien Brunner, Tyler Bozak) at 1:19
4. Diables , Steve Quailer 4 (Kellan Lain, Taylor Beck) at 10:11
5. Diables , Damien Brunner 5 (Brett Maclean, Tyler Bozak) at 16:50
Penalties :
Steve Quailer (Alm) for Hooking (Minor) at 1:57, Colin Greening (Det) for Tripping (Minor) at 4:16, Petr Pohl (Det) for Holding (Minor) at 10:33
3rd period
6. Tamiflu , Greg Mauldin 5 (Petr Pohl, Philippe Dupuis) at 7:43
7. Diables , Lukas Krajicek 2 (Dustin Kohn, Kellan Lain) at 8:18 (PP)
Penalties :
Dustin Kohn (Alm) for Hooking (Minor) at 1:10, Ben Hanowski (Det) for Interference (Minor) at 5:00, Colin Greening (Det) for Tripping (Minor) at 8:13, Jan Mursak (Det) for Hooking (Minor) at 9:15, Nino Niederreiter (Det) for Hooking (Minor) at 14:22
Goalie Stats
Allen York (Alm), 24 saves from 26 shots - (0,923), W, 4-1-0, 60:00 minutes
Mike McKenna (Det), 41 saves from 46 shots - (0,891), L, 1-4-1, 60:00 minutes
Players Stats for Diables
Player Name G A P +/- PIM S H SB GA TA FO MP PP MP PK MP
------------------------------------------------------------------------------------
Alex Killorn 1 0 1 0 0 2 1 0 1 0 2/4 9:33 0:00 0:00
Brett Maclean 1 1 2 2 0 2 1 0 0 1 1/1 20:25 4:48 0:00
Brian Dumoulin 0 0 0 2 0 1 0 0 0 0 0/0 11:18 0:00 0:53
Christian Thomas 0 0 0 1 2 3 0 0 0 0 1/1 17:06 5:10 0:00
Damien Brunner 1 1 2 2 0 6 3 0 0 0 1/1 22:21 4:48 1:47
Dustin Kohn 0 1 1 2 2 6 1 2 0 0 0/0 26:34 6:44 3:44
J.T. Brown 0 0 0 0 0 2 0 0 1 0 0/0 5:34 0:02 0:00
Jamie Arniel 0 0 0 -1 0 1 1 2 0 0 5/12 11:05 0:02 4:24
Josh Meyers 0 1 1 2 0 0 0 0 0 0 0/0 10:31 0:00 0:00
Kellan Lain 0 2 2 1 0 6 3 0 0 0 4/11 19:20 5:10 1:50
Lukas Krajicek 1 0 1 2 0 2 5 4 1 1 0/0 29:13 6:44 4:34
Marc-André Bourdon 0 0 0 0 0 0 0 0 0 0 0/0 2:13 0:00 0:03
Matt Jones 0 0 0 -1 0 2 0 1 1 1 0/0 20:05 3:16 2:21
Patrick Maroon 0 1 1 0 0 2 1 0 0 0 0/1 10:28 0:00 0:55
Pavel Valentenko 0 0 0 -1 0 1 5 2 0 1 0/0 20:05 3:16 2:21
Steve Quailer 1 0 1 1 4 3 2 0 1 1 0/0 17:28 5:10 0:00
Taylor Beck 0 1 1 1 0 1 0 0 0 0 0/1 12:41 0:00 0:41
Tomas Kubalik 0 0 0 0 0 0 0 0 0 0 0/0 2:14 0:02 0:00
Tyler Bozak 0 2 2 2 0 6 3 0 0 1 17/38 24:44 4:48 4:19
Players Stats for Tamiflu
Player Name G A P +/- PIM S H SB GA TA FO MP PP MP PK MP
------------------------------------------------------------------------------------
Adam Henrique 0 0 0 -2 0 4 0 1 0 0 11/16 19:21 2:40 5:40
Ben Hanowski 0 0 0 0 2 1 0 0 1 0 0/0 10:08 0:26 0:00
Colin Greening 0 0 0 0 4 0 0 1 0 0 5/8 12:03 0:00 2:52
Garrett Wilson 0 0 0 0 0 0 0 0 0 1 0/0 12:24 0:06 3:09
Greg Mauldin 2 0 2 -1 0 4 0 1 1 2 20/40 24:40 3:49 5:30
Greg McKegg 0 0 0 0 0 0 1 0 0 0 0/0 8:37 0:00 1:28
Jan Mursak 0 1 1 -1 2 1 2 1 0 0 1/2 19:05 3:49 0:00
Johan Fransson 0 0 0 0 0 1 1 2 0 0 0/0 16:20 2:21 0:00
Jonathan Sigalet 0 0 0 -1 0 3 3 3 3 0 0/0 30:06 4:37 5:58
Jordan Hendry 0 0 0 -1 0 3 0 1 0 1 0/0 30:06 4:37 5:58
Kyle Lawson 0 0 0 -2 0 0 2 0 0 0 0/0 13:34 0:00 4:02
Mattias Tedenby 0 0 0 0 0 1 1 0 0 0 0/0 7:43 0:29 0:00
Mike Duco 0 0 0 0 0 0 0 0 0 0 0/0 0:23 0:23 0:00
Nino Niederreiter 0 0 0 -2 2 1 0 1 0 0 1/1 15:02 2:43 1:02
Petr Pohl 0 2 2 -1 2 6 1 1 1 1 0/0 19:33 3:49 0:00
Philip Samuelsson 0 0 0 0 0 0 0 2 0 0 0/0 16:20 2:21 0:00
Philippe Dupuis 0 1 1 0 0 0 0 0 0 0 1/3 6:51 0:00 0:00
Rich Clune 0 0 0 -2 0 1 0 0 0 0 0/0 14:04 2:40 0:19
Stefan Elliott 0 0 0 -2 0 0 0 0 0 0 0/0 13:34 0:00 4:02
3 Stars
1 - Damien Brunner (Alm)
2 - Lukas Krajicek (Alm)
3 - Brett Maclean (Alm)
Power Play
Diables - 1 on 6 Attempt(s) - 16,67%
Tamiflu - 1 on 4 Attempt(s) - 25,00%
Penalty Kill
Diables - 3 on 4 Attempt(s) - 75,00%
- Score 0 goal in Penalty Kill
Tamiflu - 5 on 6 Attempt(s) - 83,33%
- Score 0 goal in Penalty Kill
Team Stat
Diables - Hits : 26 - Faceoff Wins : 31 - Blocked Shots : 11 - Penalty Minutes : 8
Tamiflu - Hits : 11 - Faceoff Wins : 39 - Blocked Shots : 14 - Penalty Minutes : 12
Official
Referees : Pochmara Brian and LaRue Dennis
Linesman : Ryan Galloway and Derek Nansen
Game Notes
No Game Note
Finance
Level 1 -- Attendance: 1600 (80,00%) -- Ticket Income 48 000 $
Level 2 -- Attendance: 686 (68,60%) -- Ticket Income 8 232 $
Total Attendance: 2286 (76,20%)
Total Ticket Income: 56 232 $
Other Income: 2 812 $
Total Income: 59 044 $
Diables
5 vs 5 Forward
Center Left Wing Right Wing Time % Phy DF OF
1 Tyler Bozak Brett Maclean Damien Brunner 40 1 2 2
2 Kellan Lain Taylor Beck Steve Quailer 30 1 2 2
3 Alex Killorn Patrick Maroon Christian Thomas 20 1 2 2
4 Jamie Arniel Christian Thomas J.T. Brown 10 1 2 2
5 vs 5 Defense
Defense Defense Time % Phy DF OF
1 Lukas Krajicek Dustin Kohn 40 1 2 2
2 Matt Jones Pavel Valentenko 30 1 2 2
3 Josh Meyers Brian Dumoulin 20 1 2 2
4 Marc-André Bourdon Lukas Krajicek 10 1 2 2
PowerPlay Forward
Center Left Wing Right Wing Time % Phy DF OF
1 Tyler Bozak Brett Maclean Damien Brunner 60 1 2 2
2 Kellan Lain Christian Thomas Steve Quailer 40 1 2 2
PowerPlay Defense
Defense Defense Time % Phy DF OF
1 Lukas Krajicek Dustin Kohn 60 1 2 2
2 Matt Jones Pavel Valentenko 40 1 2 2
Penalty Kill 4 Players Forward
Center Wing Time % Phy DF OF
1 Jamie Arniel Tyler Bozak 60 1 2 2
2 Kellan Lain Damien Brunner 40 1 2 2
Penalty Kill 4 Players Defense
Defense Defense Time % Phy DF OF
1 Lukas Krajicek Dustin Kohn 60 1 2 2
2 Matt Jones Pavel Valentenko 40 1 2 2
Penalty Kill - 3 Players Forward
Forward Time % Phy DF OF
1 Kellan Lain 60 1 2 2
2 Tyler Bozak 40 1 2 2
Penalty Kill - 3 Players Defense
Defense Defense Time % Phy DF OF
1 Lukas Krajicek Dustin Kohn 60 1 2 2
2 Matt Jones Pavel Valentenko 40 1 2 2
4 vs 4 Forward
Center Wing Time % Phy DF OF
1 Alex Killorn Tyler Bozak 60 1 2 2
2 Damien Brunner Kellan Lain 40 1 2 2
4 vs 4 Defense
Defense Defense Time % Phy DF OF
1 Lukas Krajicek Dustin Kohn 60 1 2 2
2 Matt Jones Pavel Valentenko 40 1 2 2
Last Minutes Offensive
Center Left Wing Right Wing Defense Defense
Tyler Bozak Brett Maclean Damien Brunner Lukas Krajicek Dustin Kohn
Last Minutes Defensive
Center Left Wing Right Wing Defense Defense
Tyler Bozak Brett Maclean Damien Brunner Lukas Krajicek Dustin Kohn
Goaltenders
Starting : Allen York
Backup : Marek Mazanek
Extra Forwards
Normal : Jamie Arniel, Tomas Kubalik, Patrick Maroon - PP : Jamie Arniel, Tomas Kubalik - PK : Patrick Maroon
Extra Defensemen
Normal : Josh Meyers, Brian Dumoulin, Marc-André Bourdon - PP : Josh Meyers - PK : Brian Dumoulin, Marc-André Bourdon
Penalty Shots
Christian Thomas, Tyler Bozak, Damien Brunner, Kellan Lain, Jamie Arniel
Tamiflu
5 vs 5 Forward
Center Left Wing Right Wing Time % Phy DF OF
1 Greg Mauldin Jan Mursak Petr Pohl 40 1 1 3
2 Adam Henrique Rich Clune Nino Niederreiter 30 1 1 3
3 Colin Greening Garrett Wilson Ben Hanowski 20 2 2 1
4 Philippe Dupuis Greg McKegg Mattias Tedenby 10 2 2 1
5 vs 5 Defense
Defense Defense Time % Phy DF OF
1 Jonathan Sigalet Jordan Hendry 40 2 1 2
2 Philip Samuelsson Johan Fransson 30 1 2 2
3 Kyle Lawson Stefan Elliott 20 1 2 2
4 Jonathan Sigalet Jordan Hendry 10 1 2 2
PowerPlay Forward
Center Left Wing Right Wing Time % Phy DF OF
1 Greg Mauldin Jan Mursak Petr Pohl 60 1 1 3
2 Adam Henrique Rich Clune Nino Niederreiter 40 1 1 3
PowerPlay Defense
Defense Defense Time % Phy DF OF
1 Jonathan Sigalet Jordan Hendry 60 1 1 3
2 Philip Samuelsson Johan Fransson 40 1 1 3
Penalty Kill 4 Players Forward
Center Wing Time % Phy DF OF
1 Greg Mauldin Adam Henrique 60 1 3 1
2 Adam Henrique Nino Niederreiter 40 1 3 1
Penalty Kill 4 Players Defense
Defense Defense Time % Phy DF OF
1 Jonathan Sigalet Jordan Hendry 60 1 3 1
2 Stefan Elliott Kyle Lawson 40 1 3 1
Penalty Kill - 3 Players Forward
Forward Time % Phy DF OF
1 Greg Mauldin 60 1 3 1
2 Adam Henrique 40 1 3 1
Penalty Kill - 3 Players Defense
Defense Defense Time % Phy DF OF
1 Jonathan Sigalet Jordan Hendry 60 1 3 1
2 Stefan Elliott Kyle Lawson 40 1 3 1
4 vs 4 Forward
Center Wing Time % Phy DF OF
1 Greg Mauldin Adam Henrique 60 1 1 3
2 Adam Henrique Nino Niederreiter 40 1 1 3
4 vs 4 Defense
Defense Defense Time % Phy DF OF
1 Jonathan Sigalet Jordan Hendry 60 1 1 3
2 Philip Samuelsson Johan Fransson 40 1 1 3
Last Minutes Offensive
Center Left Wing Right Wing Defense Defense
Greg Mauldin Jan Mursak Petr Pohl Jonathan Sigalet Jordan Hendry
Last Minutes Defensive
Center Left Wing Right Wing Defense Defense
Greg Mauldin Jan Mursak Petr Pohl Jonathan Sigalet Jordan Hendry
Goaltenders
Starting : Mike McKenna
Backup : Joe Fallon
Extra Forwards
Normal : Ben Hanowski, Mattias Tedenby, Colin Greening - PP : Ben Hanowski, Mattias Tedenby - PK : Colin Greening
Extra Defensemen
Normal : Jonathan Sigalet, Jordan Hendry, Philip Samuelsson - PP : Jonathan Sigalet - PK : Jordan Hendry, Philip Samuelsson
Penalty Shots
Greg Mauldin, Adam Henrique, Petr Pohl, Mike Duco, Ben Hanowski
% Time on Ice - Diables
Lines # - Real PCT - Wanted PCT - Time Play
Normal Forward
1 - 36% - 40% - 15:38
2 - 29% - 30% - 12:20
3 - 22% - 20% - 9:33
4 - 13% - 10% - 5:31
Normal Defense
1 - 38% - 40% - 16:15
2 - 34% - 30% - 14:28
3 - 24% - 20% - 10:31
4 - 4% - 10% - 1:48
PP Forward
1 - 48% - 60% - 4:50
2 - 52% - 40% - 5:10
PP Defense
1 - 67% - 60% - 6:44
2 - 33% - 40% - 3:16
PK Forward
1 - 74% - 60% - 5:11
2 - 26% - 40% - 1:47
PK Defense
1 - 66% - 60% - 4:37
2 - 34% - 40% - 2:21
PK3 Forward
1 - 0% - 60%
2 - 0% - 40%
PK3 Defense
1 - 0% - 60%
2 - 0% - 40%
44 Forward
1 - 0% - 60%
2 - 0% - 40%
44 Defense
1 - 0% - 60%
2 - 0% - 40%
Last Minute Offensive - 0:00
Last Minute Defensive - 0:00
Total
Forward - 60:00
Defense - 60:00
|
% Time on Ice - Tamiflu
Lines # - Real PCT - Wanted PCT - Time Play
Normal Forward
1 - 37% - 40% - 15:57
2 - 26% - 30% - 11:18
3 - 21% - 20% - 8:56
4 - 16% - 10% - 6:51
Normal Defense
1 - 42% - 40% - 17:54
2 - 33% - 30% - 14:18
3 - 21% - 20% - 9:13
4 - 4% - 10% - 1:37
PP Forward
1 - 58% - 60% - 4:03
2 - 42% - 40% - 2:55
PP Defense
1 - 66% - 60% - 4:37
2 - 34% - 40% - 2:21
PK Forward
1 - 79% - 60% - 7:52
2 - 21% - 40% - 2:08
PK Defense
1 - 60% - 60% - 5:58
2 - 40% - 40% - 4:02
PK3 Forward
1 - 0% - 60%
2 - 0% - 40%
PK3 Defense
1 - 0% - 60%
2 - 0% - 40%
44 Forward
1 - 0% - 60%
2 - 0% - 40%
44 Defense
1 - 0% - 60%
2 - 0% - 40%
Last Minute Offensive - 0:00
Last Minute Defensive - 0:00
Total
Forward - 60:00
Defense - 60:00
|
Play by Play
1st period
0:01 of 1st period - Greg Mauldin wins face-off versus Tyler Bozak in neutral zone.
0:14 of 1st period - Off-side.
0:15 of 1st period - Adam Henrique wins face-off versus Kellan Lain in neutral zone.
0:22 of 1st period - Wrist shot by Adam Henrique.
0:22 of 1st period - Stopped by Allen York without a rebound.
0:23 of 1st period - Adam Henrique wins face-off versus Taylor Beck in Diables zone.
0:26 of 1st period - Snap shot by Rich Clune.
0:26 of 1st period - Stopped by Allen York without a rebound.
0:27 of 1st period - Christian Thomas wins face-off versus Colin Greening in Diables zone.
0:52 of 1st period - Philippe Dupuis is hit by Tyler Bozak and loses puck.
1:15 of 1st period - Icing by Steve Quailer.
1:16 of 1st period - Adam Henrique wins face-off versus Kellan Lain in Diables zone.
1:24 of 1st period - Icing by Josh Meyers.
1:25 of 1st period - Adam Henrique wins face-off versus Kellan Lain in Diables zone.
1:32 of 1st period - Snap shot by Adam Henrique.
1:32 of 1st period - Stopped by Allen York with a rebound.
2:29 of 1st period - Snap shot by Kellan Lain.
2:29 of 1st period - Shot Misses the Net.
2:31 of 1st period - Slapshot by Josh Meyers.
2:31 of 1st period - Deflect By Steve Quailer.
2:31 of 1st period - Shot Blocked by Philip Samuelsson.
2:31 of 1st period - Puck is out of play.
2:32 of 1st period - Brett Maclean wins face-off versus Greg Mauldin in Tamiflu zone.
2:57 of 1st period - Jonathan Sigalet is hit by Jamie Arniel and loses puck.
3:04 of 1st period - Snap shot by J.T. Brown.
3:04 of 1st period - Stopped by Mike McKenna with a rebound.
3:42 of 1st period - Snap shot by Petr Pohl.
3:42 of 1st period - Shot Hit the Post.
3:44 of 1st period - Slapshot by Petr Pohl.
3:44 of 1st period - Stopped by Allen York without a rebound.
3:45 of 1st period - Greg Mauldin wins face-off versus Tyler Bozak in Diables zone.
4:08 of 1st period - Lukas Krajicek is hit by Jonathan Sigalet.
5:00 of 1st period - Snap shot by Greg Mauldin.
5:00 of 1st period - Shot Blocked by Dustin Kohn.
5:14 of 1st period - Philip Samuelsson is hit by Steve Quailer and loses puck.
5:50 of 1st period - Johan Fransson is hit by Pavel Valentenko and loses puck.
6:01 of 1st period - Johan Fransson is hit by Kellan Lain and loses puck.
6:36 of 1st period - Snap shot by Alex Killorn.
6:36 of 1st period - Deflect By Kellan Lain.
6:36 of 1st period - Stopped by Mike McKenna with a rebound.
6:50 of 1st period - Marc-André Bourdon is hit by Jan Mursak and loses puck.
7:52 of 1st period - Taylor Beck is hit by Jan Mursak and loses puck.
8:11 of 1st period - Snap shot by Colin Greening.
8:11 of 1st period - Shot Hit the Post.
8:23 of 1st period - Snap shot by Brett Maclean.
8:23 of 1st period - Shot Misses the Net.
9:13 of 1st period - Wrist shot by Tyler Bozak.
9:13 of 1st period - Shot Blocked by Philip Samuelsson.
9:15 of 1st period - Slapshot by Pavel Valentenko.
9:15 of 1st period - Shot Misses the Net.
9:17 of 1st period - Slapshot by Damien Brunner.
9:17 of 1st period - Shot Blocked by Johan Fransson.
9:19 of 1st period - Wrist shot by Damien Brunner.
9:19 of 1st period - Shot Misses the Net.
9:30 of 1st period - Minor Penalty to Christian Thomas for Roughing.
9:31 of 1st period - Jamie Arniel wins face-off versus Greg Mauldin in Diables zone.
10:57 of 1st period - Johan Fransson is hit by Lukas Krajicek and loses puck.
11:30 of 1st period - Penalty to Christian Thomas is over, Christian Thomas is back on ice.
11:42 of 1st period - Wrist shot by Ben Hanowski.
11:42 of 1st period - Shot Misses the Net.
11:44 of 1st period - Minor Penalty to Steve Quailer for Tripping.
11:45 of 1st period - Greg Mauldin wins face-off versus Jamie Arniel in Diables zone.
11:50 of 1st period - Snap shot by Petr Pohl.
11:50 of 1st period - Shot Misses the Net.
11:52 of 1st period - Snap shot by Petr Pohl.
11:52 of 1st period - Stopped by Allen York with a rebound.
11:54 of 1st period - Backhand shot by Jordan Hendry.
11:54 of 1st period - Stopped by Allen York without a rebound.
11:55 of 1st period - Jamie Arniel wins face-off versus Greg Mauldin in Diables zone.
12:06 of 1st period - Icing by Greg Mauldin.
12:07 of 1st period - Jamie Arniel wins face-off versus Greg Mauldin in Tamiflu zone.
12:16 of 1st period - Tyler Bozak is hit by Petr Pohl and loses puck.
12:33 of 1st period - Backhand shot by Petr Pohl.
12:33 of 1st period - Stopped by Allen York with a rebound.
12:35 of 1st period - Slapshot by Jonathan Sigalet.
12:35 of 1st period - Shot Blocked by Jamie Arniel.
12:37 of 1st period - Slapshot by Jan Mursak.
12:37 of 1st period - Shot Misses the Net.
12:39 of 1st period - Backhand shot by Jan Mursak.
12:39 of 1st period - Shot Blocked by Lukas Krajicek.
12:43 of 1st period - Wrist shot by Jan Mursak.
12:43 of 1st period - Stopped by Allen York with a rebound.
12:45 of 1st period - Snap shot by Petr Pohl.
12:45 of 1st period - Deflect By Greg Mauldin.
12:45 of 1st period - Goal by Greg Mauldin - Diables : 0 - Tamiflu : 1.
12:46 of 1st period - Adam Henrique wins face-off versus Tyler Bozak in neutral zone.
13:15 of 1st period - Johan Fransson is hit by Lukas Krajicek and loses puck.
13:36 of 1st period - Snap shot by Lukas Krajicek.
13:36 of 1st period - Deflect By Christian Thomas.
13:36 of 1st period - Shot Misses the Net.
13:36 of 1st period - Puck is out of play.
13:37 of 1st period - Colin Greening wins face-off versus Alex Killorn in Tamiflu zone.
14:10 of 1st period - Snap shot by Matt Jones.
14:10 of 1st period - Stopped by Mike McKenna without a rebound.
14:11 of 1st period - Tyler Bozak wins face-off versus Greg Mauldin in Tamiflu zone.
14:22 of 1st period - Brett Maclean is hit by Jonathan Sigalet and loses puck.
14:27 of 1st period - Snap shot by Petr Pohl.
14:27 of 1st period - Shot Misses the Net.
14:48 of 1st period - Wrist shot by Kellan Lain.
14:48 of 1st period - Shot Blocked by Adam Henrique.
15:13 of 1st period - Snap shot by Mattias Tedenby.
15:13 of 1st period - Shot Blocked by Jamie Arniel.
15:27 of 1st period - Wrist shot by Tyler Bozak.
15:27 of 1st period - Stopped by Mike McKenna without a rebound.
15:28 of 1st period - Greg Mauldin wins face-off versus Tyler Bozak in Tamiflu zone.
16:35 of 1st period - Snap shot by Damien Brunner.
16:35 of 1st period - Shot Misses the Net.
16:53 of 1st period - Wrist shot by Greg Mauldin.
16:53 of 1st period - Stopped by Allen York without a rebound.
16:54 of 1st period - Greg Mauldin wins face-off versus Jamie Arniel in Diables zone.
16:59 of 1st period - Wrist shot by Petr Pohl.
16:59 of 1st period - Shot Misses the Net.
17:30 of 1st period - Snap shot by Brett Maclean.
17:30 of 1st period - Deflect By Damien Brunner.
17:30 of 1st period - Shot Misses the Net.
17:30 of 1st period - Puck is out of play.
17:31 of 1st period - Greg Mauldin wins face-off versus Tyler Bozak in Tamiflu zone.
17:38 of 1st period - Wrist shot by Jonathan Sigalet.
17:38 of 1st period - Stopped by Allen York with a rebound.
17:40 of 1st period - Slapshot by Jordan Hendry.
17:40 of 1st period - Stopped by Allen York without a rebound.
17:41 of 1st period - Greg Mauldin wins face-off versus Tyler Bozak in Diables zone.
18:48 of 1st period - Off-side.
18:49 of 1st period - Kellan Lain wins face-off versus Adam Henrique in neutral zone.
18:56 of 1st period - Snap shot by Kellan Lain.
18:56 of 1st period - Stopped by Mike McKenna with a rebound.
19:14 of 1st period - Dustin Kohn is hit by Greg McKegg.
19:22 of 1st period - Slapshot by Johan Fransson.
19:22 of 1st period - Stopped by Allen York without a rebound.
19:23 of 1st period - Nino Niederreiter wins face-off versus Patrick Maroon in Diables zone.
19:36 of 1st period - Slapshot by Alex Killorn.
19:36 of 1st period - Goal by Alex Killorn - Diables : 1 - Tamiflu : 1.
19:37 of 1st period - Tyler Bozak wins face-off versus Greg Mauldin in neutral zone.
19:40 of 1st period - Petr Pohl is hit by Lukas Krajicek and loses puck.
19:47 of 1st period - Snap shot by Tyler Bozak.
19:47 of 1st period - Stopped by Mike McKenna without a rebound.
19:48 of 1st period - Greg Mauldin wins face-off versus Tyler Bozak in Tamiflu zone.
Goals for this period are 1 for Diables vs 1 for Tamiflu.
Shots for this period are 7 for Diables vs 13 for Tamiflu.
2nd period
0:01 of 2nd period - Greg Mauldin wins face-off versus Tyler Bozak in neutral zone.
0:14 of 2nd period - Snap shot by Greg Mauldin.
0:14 of 2nd period - Shot Misses the Net.
1:13 of 2nd period - Snap shot by Tyler Bozak.
1:13 of 2nd period - Deflect By Philip Samuelsson.
1:13 of 2nd period - Shot Misses the Net.
1:13 of 2nd period - Puck is out of play.
1:14 of 2nd period - Tyler Bozak wins face-off versus Greg Mauldin in Tamiflu zone.
1:17 of 2nd period - Snap shot by Damien Brunner.
1:17 of 2nd period - Stopped by Mike McKenna with a rebound.
1:19 of 2nd period - Wrist shot by Brett Maclean.
1:19 of 2nd period - Goal by Brett Maclean - Diables : 2 - Tamiflu : 1.
1:20 of 2nd period - Tyler Bozak wins face-off versus Greg Mauldin in neutral zone.
1:33 of 2nd period - Snap shot by Damien Brunner.
1:33 of 2nd period - Shot Blocked by Greg Mauldin.
1:35 of 2nd period - Snap shot by Tyler Bozak.
1:35 of 2nd period - Stopped by Mike McKenna without a rebound.
1:36 of 2nd period - Adam Henrique wins face-off versus Kellan Lain in Tamiflu zone.
1:45 of 2nd period - Slapshot by Lukas Krajicek.
1:45 of 2nd period - Shot Blocked by Jonathan Sigalet.
1:57 of 2nd period - Minor Penalty to Steve Quailer for Hooking.
1:58 of 2nd period - Greg Mauldin wins face-off versus Jamie Arniel in Diables zone.
2:03 of 2nd period - Slapshot by Greg Mauldin.
2:03 of 2nd period - Shot Misses the Net.
2:05 of 2nd period - Slapshot by Jordan Hendry.
2:05 of 2nd period - Deflect By Petr Pohl.
2:05 of 2nd period - Stopped by Allen York without a rebound.
2:06 of 2nd period - Greg Mauldin wins face-off versus Jamie Arniel in Diables zone.
2:36 of 2nd period - Slapshot by Dustin Kohn.
2:36 of 2nd period - Stopped by Mike McKenna with a rebound.
2:53 of 2nd period - Wrist shot by Kellan Lain.
2:53 of 2nd period - Shot Misses the Net.
2:55 of 2nd period - Wrist shot by Damien Brunner.
2:55 of 2nd period - Deflect By Kellan Lain.
2:55 of 2nd period - Shot Misses the Net.
2:55 of 2nd period - Puck is out of play.
2:56 of 2nd period - Kellan Lain wins face-off versus Adam Henrique in Tamiflu zone.
2:57 of 2nd period - Snap shot by Damien Brunner.
2:57 of 2nd period - Deflect By Kellan Lain.
2:57 of 2nd period - Stopped by Mike McKenna with a rebound.
2:59 of 2nd period - Wrist shot by Kellan Lain.
2:59 of 2nd period - Shot Misses the Net.
3:12 of 2nd period - Wrist shot by Kellan Lain.
3:12 of 2nd period - Stopped by Mike McKenna without a rebound.
3:13 of 2nd period - Adam Henrique wins face-off versus Jamie Arniel in Tamiflu zone.
3:20 of 2nd period - Snap shot by Jamie Arniel.
3:20 of 2nd period - Shot Misses the Net.
3:22 of 2nd period - Slapshot by Dustin Kohn.
3:22 of 2nd period - Shot Misses the Net.
3:24 of 2nd period - Snap shot by Dustin Kohn.
3:24 of 2nd period - Stopped by Mike McKenna with a rebound.
3:26 of 2nd period - Wrist shot by Dustin Kohn.
3:26 of 2nd period - Stopped by Mike McKenna without a rebound.
3:27 of 2nd period - Jan Mursak wins face-off versus Jamie Arniel in Tamiflu zone.
3:34 of 2nd period - Slapshot by Jordan Hendry.
3:34 of 2nd period - Shot Blocked by Lukas Krajicek.
3:36 of 2nd period - Snap shot by Greg Mauldin.
3:36 of 2nd period - Shot Misses the Net.
3:38 of 2nd period - Snap shot by Petr Pohl.
3:38 of 2nd period - Shot Misses the Net.
3:40 of 2nd period - Wrist shot by Jonathan Sigalet.
3:40 of 2nd period - Shot Misses the Net.
3:42 of 2nd period - Slapshot by Jordan Hendry.
3:42 of 2nd period - Shot Blocked by Lukas Krajicek.
3:57 of 2nd period - Penalty to Steve Quailer is over, Steve Quailer is back on ice.
4:16 of 2nd period - Minor Penalty to Colin Greening for Tripping.
4:17 of 2nd period - Tyler Bozak wins face-off versus Greg Mauldin in Tamiflu zone.
5:17 of 2nd period - Slapshot by Dustin Kohn.
5:17 of 2nd period - Shot Misses the Net.
5:28 of 2nd period - Slapshot by Dustin Kohn.
5:28 of 2nd period - Stopped by Mike McKenna without a rebound.
5:29 of 2nd period - Damien Brunner wins face-off versus Greg Mauldin in Tamiflu zone.
6:16 of 2nd period - Penalty to Colin Greening is over, Colin Greening is back on ice.
6:48 of 2nd period - Dustin Kohn is hit by Johan Fransson and loses puck.
7:25 of 2nd period - Slapshot by Greg Mauldin.
7:25 of 2nd period - Stopped by Allen York with a rebound.
7:55 of 2nd period - Rich Clune is hit by Steve Quailer and loses puck.
9:08 of 2nd period - Greg Mauldin is hit by Pavel Valentenko and loses puck.
9:57 of 2nd period - Snap shot by Adam Henrique.
9:57 of 2nd period - Stopped by Allen York without a rebound.
9:58 of 2nd period - Kellan Lain wins face-off versus Adam Henrique in Diables zone.
10:09 of 2nd period - Snap shot by Steve Quailer.
10:09 of 2nd period - Stopped by Mike McKenna with a rebound.
10:11 of 2nd period - Snap shot by Steve Quailer.
10:11 of 2nd period - Goal by Steve Quailer - Diables : 3 - Tamiflu : 1.
10:12 of 2nd period - Greg Mauldin wins face-off versus Tyler Bozak in neutral zone.
10:12 of 2nd period - Greg Mauldin is hit by Pavel Valentenko.
10:33 of 2nd period - Minor Penalty to Petr Pohl for Holding.
10:34 of 2nd period - Greg Mauldin wins face-off versus Tyler Bozak in Tamiflu zone.
10:45 of 2nd period - Jordan Hendry is hit by Brett Maclean and loses puck.
11:00 of 2nd period - Jonathan Sigalet is hit by Kellan Lain and loses puck.
11:19 of 2nd period - Snap shot by Jordan Hendry.
11:19 of 2nd period - Deflect By Colin Greening.
11:19 of 2nd period - Shot Blocked by Pavel Valentenko.
11:19 of 2nd period - Puck is out of play.
11:20 of 2nd period - Colin Greening wins face-off versus Tyler Bozak in Diables zone.
11:23 of 2nd period - Slapshot by Garrett Wilson.
11:23 of 2nd period - Shot Misses the Net.
11:29 of 2nd period - Slapshot by Dustin Kohn.
11:29 of 2nd period - Shot Misses the Net.
11:39 of 2nd period - Snap shot by Dustin Kohn.
11:39 of 2nd period - Shot Misses the Net.
11:41 of 2nd period - Slapshot by Steve Quailer.
11:41 of 2nd period - Deflect By Christian Thomas.
11:41 of 2nd period - Deflect By Greg Mauldin.
11:41 of 2nd period - Stopped by Mike McKenna without a rebound.
11:42 of 2nd period - Greg Mauldin wins face-off versus Kellan Lain in Tamiflu zone.
12:10 of 2nd period - Snap shot by Matt Jones.
12:10 of 2nd period - Stopped by Mike McKenna with a rebound.
12:12 of 2nd period - Snap shot by Steve Quailer.
12:12 of 2nd period - Shot Blocked by Nino Niederreiter.
12:14 of 2nd period - Wrist shot by Kellan Lain.
12:14 of 2nd period - Deflect By Christian Thomas.
12:14 of 2nd period - Shot Blocked by Jordan Hendry.
12:14 of 2nd period - Puck is out of play.
12:15 of 2nd period - Colin Greening wins face-off versus Tyler Bozak in Tamiflu zone.
12:15 of 2nd period - Colin Greening is hit by Tyler Bozak.
12:33 of 2nd period - Penalty to Petr Pohl is over, Petr Pohl is back on ice.
12:58 of 2nd period - Snap shot by Adam Henrique.
12:58 of 2nd period - Shot Blocked by Lukas Krajicek.
13:00 of 2nd period - Slapshot by Jonathan Sigalet.
13:00 of 2nd period - Shot Misses the Net.
13:06 of 2nd period - Dustin Kohn is hit by Jonathan Sigalet.
13:32 of 2nd period - Wrist shot by Jonathan Sigalet.
13:32 of 2nd period - Stopped by Allen York with a rebound.
13:34 of 2nd period - Slapshot by Jordan Hendry.
13:34 of 2nd period - Stopped by Allen York with a rebound.
13:36 of 2nd period - Slapshot by Jonathan Sigalet.
13:36 of 2nd period - Shot Blocked by Pavel Valentenko.
13:38 of 2nd period - Slapshot by Jordan Hendry.
13:38 of 2nd period - Shot Blocked by Matt Jones.
15:07 of 2nd period - Snap shot by Damien Brunner.
15:07 of 2nd period - Stopped by Mike McKenna with a rebound.
15:16 of 2nd period - Off-side.
15:17 of 2nd period - Greg Mauldin wins face-off versus Kellan Lain in neutral zone.
16:01 of 2nd period - Snap shot by Petr Pohl.
16:01 of 2nd period - Stopped by Allen York without a rebound.
16:02 of 2nd period - Adam Henrique wins face-off versus Tyler Bozak in Diables zone.
16:07 of 2nd period - Snap shot by Adam Henrique.
16:07 of 2nd period - Stopped by Allen York with a rebound.
16:13 of 2nd period - Backhand shot by Brett Maclean.
16:13 of 2nd period - Stopped by Mike McKenna with a rebound.
16:15 of 2nd period - Snap shot by Tyler Bozak.
16:15 of 2nd period - Stopped by Mike McKenna without a rebound.
16:16 of 2nd period - Tyler Bozak wins face-off versus Adam Henrique in Tamiflu zone.
16:28 of 2nd period - Wrist shot by Nino Niederreiter.
16:28 of 2nd period - Stopped by Allen York without a rebound.
16:29 of 2nd period - Adam Henrique wins face-off versus Tyler Bozak in Diables zone.
16:34 of 2nd period - Slapshot by Jonathan Sigalet.
16:34 of 2nd period - Stopped by Allen York with a rebound.
16:40 of 2nd period - Snap shot by Tyler Bozak.
16:40 of 2nd period - Stopped by Mike McKenna with a rebound.
16:42 of 2nd period - Snap shot by Lukas Krajicek.
16:42 of 2nd period - Stopped by Mike McKenna without a rebound.
16:43 of 2nd period - Tyler Bozak wins face-off versus Greg Mauldin in Tamiflu zone.
16:50 of 2nd period - Wrist shot by Brett Maclean.
16:50 of 2nd period - Deflect By Damien Brunner.
16:50 of 2nd period - Goal by Damien Brunner - Diables : 4 - Tamiflu : 1.
16:51 of 2nd period - Tyler Bozak wins face-off versus Greg Mauldin in neutral zone.
17:27 of 2nd period - Wrist shot by Steve Quailer.
17:27 of 2nd period - Stopped by Mike McKenna without a rebound.
17:28 of 2nd period - Tyler Bozak wins face-off versus Greg Mauldin in Tamiflu zone.
17:29 of 2nd period - Slapshot by Damien Brunner.
17:29 of 2nd period - Stopped by Mike McKenna without a rebound.
17:30 of 2nd period - Greg Mauldin wins face-off versus Tyler Bozak in Tamiflu zone.
18:15 of 2nd period - Snap shot by Patrick Maroon.
18:15 of 2nd period - Stopped by Mike McKenna without a rebound.
18:16 of 2nd period - Alex Killorn wins face-off versus Colin Greening in Tamiflu zone.
18:19 of 2nd period - Snap shot by Patrick Maroon.
18:19 of 2nd period - Shot Blocked by Colin Greening.
18:21 of 2nd period - Wrist shot by Patrick Maroon.
18:21 of 2nd period - Shot Blocked by Jonathan Sigalet.
18:23 of 2nd period - Snap shot by Alex Killorn.
18:23 of 2nd period - Shot Misses the Net.
18:25 of 2nd period - Slapshot by Brian Dumoulin.
18:25 of 2nd period - Stopped by Mike McKenna without a rebound.
18:26 of 2nd period - Tyler Bozak wins face-off versus Jan Mursak in Tamiflu zone.
19:13 of 2nd period - Backhand shot by Dustin Kohn.
19:13 of 2nd period - Stopped by Mike McKenna with a rebound.
Goals for this period are 3 for Diables vs 0 for Tamiflu.
Shots for this period are 24 for Diables vs 9 for Tamiflu.
3rd period
0:01 of 3rd period - Tyler Bozak wins face-off versus Greg Mauldin in neutral zone.
0:16 of 3rd period - Slapshot by Damien Brunner.
0:16 of 3rd period - Stopped by Mike McKenna with a rebound.
0:26 of 3rd period - Jan Mursak is hit by Lukas Krajicek and loses puck.
0:57 of 3rd period - Snap shot by Greg Mauldin.
0:57 of 3rd period - Shot Misses the Net.
0:59 of 3rd period - Snap shot by Jan Mursak.
0:59 of 3rd period - Deflect By Petr Pohl.
0:59 of 3rd period - Stopped by Allen York with a rebound.
1:01 of 3rd period - Snap shot by Jan Mursak.
1:01 of 3rd period - Shot Blocked by Dustin Kohn.
1:10 of 3rd period - Minor Penalty to Dustin Kohn for Hooking.
1:11 of 3rd period - Adam Henrique wins face-off versus Jamie Arniel in Diables zone.
3:10 of 3rd period - Penalty to Dustin Kohn is over, Dustin Kohn is back on ice.
3:16 of 3rd period - Christian Thomas is hit by Mattias Tedenby and loses puck.
3:31 of 3rd period - Snap shot by Colin Greening.
3:31 of 3rd period - Deflect By Ben Hanowski.
3:31 of 3rd period - Shot Misses the Net.
3:31 of 3rd period - Puck is out of play.
3:32 of 3rd period - Colin Greening wins face-off versus Kellan Lain in Diables zone.
3:51 of 3rd period - Damien Brunner is hit by Kyle Lawson.
4:39 of 3rd period - Snap shot by Brett Maclean.
4:39 of 3rd period - Shot Misses the Net.
4:41 of 3rd period - Snap shot by Brett Maclean.
4:41 of 3rd period - Shot Misses the Net.
4:43 of 3rd period - Slapshot by Damien Brunner.
4:43 of 3rd period - Deflect By Brett Maclean.
4:43 of 3rd period - Shot Misses the Net.
4:43 of 3rd period - Puck is out of play.
4:44 of 3rd period - Colin Greening wins face-off versus Tyler Bozak in Tamiflu zone.
4:44 of 3rd period - Colin Greening is hit by Damien Brunner.
5:00 of 3rd period - Minor Penalty to Ben Hanowski for Interference.
5:01 of 3rd period - Greg Mauldin wins face-off versus Tyler Bozak in Tamiflu zone.
5:01 of 3rd period - Greg Mauldin is hit by Tyler Bozak.
7:00 of 3rd period - Penalty to Ben Hanowski is over, Ben Hanowski is back on ice.
7:06 of 3rd period - Snap shot by Kellan Lain.
7:06 of 3rd period - Stopped by Mike McKenna without a rebound.
7:07 of 3rd period - Tyler Bozak wins face-off versus Philippe Dupuis in Tamiflu zone.
7:26 of 3rd period - Johan Fransson is hit by Pavel Valentenko and loses puck.
7:39 of 3rd period - Snap shot by Petr Pohl.
7:39 of 3rd period - Shot Misses the Net.
7:43 of 3rd period - Wrist shot by Greg Mauldin.
7:43 of 3rd period - Goal by Greg Mauldin - Diables : 4 - Tamiflu : 2.
7:44 of 3rd period - Greg Mauldin wins face-off versus Tyler Bozak in neutral zone.
7:57 of 3rd period - Slapshot by Jordan Hendry.
7:57 of 3rd period - Shot Hit the Post.
8:13 of 3rd period - Minor Penalty to Colin Greening for Tripping.
8:14 of 3rd period - Kellan Lain wins face-off versus Greg Mauldin in Tamiflu zone.
8:14 of 3rd period - Wrist shot by Dustin Kohn.
8:14 of 3rd period - Shot Misses the Net.
8:16 of 3rd period - Slapshot by Dustin Kohn.
8:16 of 3rd period - Shot Misses the Net.
8:18 of 3rd period - Slapshot by Lukas Krajicek.
8:18 of 3rd period - Goal by Lukas Krajicek - Diables : 5 - Tamiflu : 2.
8:19 of 3rd period - Tyler Bozak wins face-off versus Greg Mauldin in neutral zone.
8:44 of 3rd period - Rich Clune is hit by Lukas Krajicek and loses puck.
8:51 of 3rd period - Wrist shot by Kellan Lain.
8:51 of 3rd period - Stopped by Mike McKenna with a rebound.
8:53 of 3rd period - Slapshot by Pavel Valentenko.
8:53 of 3rd period - Deflect By Taylor Beck.
8:53 of 3rd period - Shot Misses the Net.
8:53 of 3rd period - Puck is out of play.
8:54 of 3rd period - Tyler Bozak wins face-off versus Greg Mauldin in Tamiflu zone.
9:15 of 3rd period - Minor Penalty to Jan Mursak for Hooking.
9:16 of 3rd period - Greg Mauldin wins face-off versus Tyler Bozak in Tamiflu zone.
10:23 of 3rd period - Brett Maclean is hit by Kyle Lawson and loses puck.
11:08 of 3rd period - Adam Henrique is hit by Kellan Lain and loses puck.
11:15 of 3rd period - Penalty to Jan Mursak is over, Jan Mursak is back on ice.
11:19 of 3rd period - Nino Niederreiter is hit by Alex Killorn and loses puck.
11:26 of 3rd period - Snap shot by Alex Killorn.
11:26 of 3rd period - Stopped by Mike McKenna without a rebound.
11:27 of 3rd period - Alex Killorn wins face-off versus Philippe Dupuis in Tamiflu zone.
11:28 of 3rd period - Snap shot by Patrick Maroon.
11:28 of 3rd period - Shot Blocked by Johan Fransson.
11:30 of 3rd period - Wrist shot by Patrick Maroon.
11:30 of 3rd period - Stopped by Mike McKenna with a rebound.
11:32 of 3rd period - Snap shot by Christian Thomas.
11:32 of 3rd period - Stopped by Mike McKenna without a rebound.
11:33 of 3rd period - Philippe Dupuis wins face-off versus Alex Killorn in Tamiflu zone.
11:33 of 3rd period - Philippe Dupuis is hit by Patrick Maroon.
12:02 of 3rd period - Snap shot by Taylor Beck.
12:02 of 3rd period - Stopped by Mike McKenna with a rebound.
12:20 of 3rd period - Slapshot by Jonathan Sigalet.
12:20 of 3rd period - Deflect By Mattias Tedenby.
12:20 of 3rd period - Shot Misses the Net.
12:20 of 3rd period - Puck is out of play.
12:21 of 3rd period - Tyler Bozak wins face-off versus Greg Mauldin in Diables zone.
12:34 of 3rd period - Philip Samuelsson is hit by Damien Brunner and loses puck.
12:56 of 3rd period - Philip Samuelsson is hit by Dustin Kohn and loses puck.
13:27 of 3rd period - Wrist shot by Dustin Kohn.
13:27 of 3rd period - Deflect By Greg Mauldin.
13:27 of 3rd period - Stopped by Mike McKenna without a rebound.
13:28 of 3rd period - Jamie Arniel wins face-off versus Greg Mauldin in Tamiflu zone.
13:31 of 3rd period - Snap shot by J.T. Brown.
13:31 of 3rd period - Stopped by Mike McKenna with a rebound.
13:33 of 3rd period - Wrist shot by Christian Thomas.
13:33 of 3rd period - Stopped by Mike McKenna without a rebound.
13:34 of 3rd period - Jamie Arniel wins face-off versus Greg Mauldin in Tamiflu zone.
13:57 of 3rd period - Slapshot by Jamie Arniel.
13:57 of 3rd period - Stopped by Mike McKenna with a rebound.
13:59 of 3rd period - Snap shot by Jamie Arniel.
13:59 of 3rd period - Shot Misses the Net.
14:01 of 3rd period - Slapshot by Matt Jones.
14:01 of 3rd period - Shot Blocked by Jonathan Sigalet.
14:03 of 3rd period - Slapshot by Pavel Valentenko.
14:03 of 3rd period - Shot Misses the Net.
14:05 of 3rd period - Wrist shot by Christian Thomas.
14:05 of 3rd period - Shot Blocked by Petr Pohl.
14:07 of 3rd period - Backhand shot by Jamie Arniel.
14:07 of 3rd period - Shot Blocked by Jan Mursak.
14:09 of 3rd period - Slapshot by Pavel Valentenko.
14:09 of 3rd period - Stopped by Mike McKenna without a rebound.
14:10 of 3rd period - Tyler Bozak wins face-off versus Adam Henrique in Tamiflu zone.
14:11 of 3rd period - Slapshot by Damien Brunner.
14:11 of 3rd period - Stopped by Mike McKenna without a rebound.
14:12 of 3rd period - Adam Henrique wins face-off versus Tyler Bozak in Tamiflu zone.
14:22 of 3rd period - Minor Penalty to Nino Niederreiter for Hooking.
14:23 of 3rd period - Greg Mauldin wins face-off versus Tyler Bozak in Tamiflu zone.
14:34 of 3rd period - Adam Henrique is hit by Damien Brunner and loses puck.
16:22 of 3rd period - Penalty to Nino Niederreiter is over, Nino Niederreiter is back on ice.
16:38 of 3rd period - Jonathan Sigalet is hit by Pavel Valentenko and loses puck.
17:12 of 3rd period - Wrist shot by Mattias Tedenby.
17:12 of 3rd period - Stopped by Allen York without a rebound.
17:13 of 3rd period - Tyler Bozak wins face-off versus Colin Greening in Diables zone.
18:33 of 3rd period - Snap shot by Brett Maclean.
18:33 of 3rd period - Shot Misses the Net.
18:35 of 3rd period - Snap shot by Tyler Bozak.
18:35 of 3rd period - Stopped by Mike McKenna with a rebound.
19:04 of 3rd period - Wrist shot by Ben Hanowski.
19:04 of 3rd period - Stopped by Allen York with a rebound.
19:59 of 3rd period - Slapshot by Steve Quailer.
19:59 of 3rd period - Shot Misses the Net.
Goals for this period are 1 for Diables vs 1 for Tamiflu.
Shots for this period are 15 for Diables vs 4 for Tamiflu.
Output by the SimonT Hockey Simulator (STHS) for François Prévost -- Original Page W3C XHTML 1.0 Valid